FLORIDA vs CHICAGO

Created - May 22, 2021 at 08:47

Goals
1 2 3 T
FLORIDA 0 2 0 2
CHICAGO 2 1 0 3
Shots
1 2 3 T
FLORIDA 8 9 12 29
CHICAGO 7 11 16 34

1st period

1. CHICAGO , Milan Lucic 14 (Frans Nielsen 25, Tyson Barrie 39) at 3:57
2. CHICAGO , Travis Dermott 10 (Andreas Athanasiou 20, Tyler Bozak 26) at 14:14

Penalties :
Milan Lucic (CHI) for Holding (Minor) at 0:43, Shayne Gostisbehere (FLA) for Holding (Minor) at 9:48

2nd period

3. FLORIDA , Alex Galchenyuk 13 (Pavel Zacha 18, Jimmy Howard) at 4:39 (PP)
4. CHICAGO , Frans Nielsen 18 (Travis Dermott 21, Mark Pysyk 14) at 7:02 (PP)
5. FLORIDA , Ryan Donato 9 (Mike Green 8, Alex Galchenyuk 23) at 11:59

Penalties :
Dominik Kahun (CHI) for Roughing (Minor) at 4:19, Dante Fabbro (FLA) for Roughing (Minor) at 5:15, Adam Gaudette (CHI) for Tripping (Minor) at 16:06, Ilya Lyubushkin (FLA) for Tripping (Minor) at 19:42

3rd period

No Goal

Penalties :
Mike Green (FLA) for Holding (Minor) at 6:23, Ilya Lyubushkin (FLA) for Roughing (Minor) at 9:01

Goalie Stats

Jimmy Howard (FLA), 31 saves from 34 shots - (0.912), L, 18-31-9, 59:42 minutes
James Reimer (CHI), 27 saves from 29 shots - (0.931), W, 17-33-7, 60:00 minutes

Players Stats for FLORIDA

Player Name              G  A  P  +/- PIM S  H  SB GA TA FO     MP     PP MP  PK MP  
------------------------------------------------------------------------------------
Alex Galchenyuk          1  1  2   1  0   3  0  0  0  0  2/3    13:27   1:53   0:00 
Brett Ritchie            0  0  0   1  0   0  3  0  0  0  0/1    11:34   0:00   0:00 
Dante Fabbro             0  0  0   0  2   3  2  4  0  0  0/0    23:06   1:32   5:07 
Denis Malgin             0  0  0  -1  0   4  0  0  0  0  0/1    11:33   0:00   0:00 
Drake Batherson          0  0  0   0  0   1  2  0  0  0  3/11   11:11   1:12   0:00 
Frank Vatrano            0  0  0   0  0   0  0  0  0  0  0/0     0:17   0:17   0:00 
Ilya Lyubushkin          0  0  0  -2  4   0  3  0  0  0  0/0    16:46   0:00   0:13 
Jesperi Kotkaniemi       0  0  0  -1  0   2  0  0  0  0  8/15   12:26   0:17   0:00 
Joakim Nordstrom         0  0  0   0  0   0  1  0  0  0  0/0     9:23   0:00   0:00 
Justin Schultz           0  0  0   1  0   0  0  4  0  0  0/0    20:47   0:17   4:27 
Markus Granlund          0  0  0   0  0   2  1  0  0  0  0/0     9:23   0:00   0:00 
Martin Necas             0  0  0  -1  0   3  1  0  0  0  0/3    22:27   2:08   7:26 
Micheal Ferland          0  0  0  -1  0   5  0  0  0  0  0/0    11:50   0:17   0:00 
Mike Green               0  1  1   1  2   0  2  2  0  0  0/0    19:21   1:49   1:30 
Patrick Marleau          0  0  0  -1  0   0  0  0  0  0  1/2    17:18   2:08   2:17 
Pavel Zacha              0  1  1  -1  0   1  0  1  0  0  8/27   22:12   1:53   7:26 
Radim Simek              0  0  0  -2  0   1  0  1  0  0  0/0    19:09   2:29   3:12 
Ryan Donato              1  0  1   1  0   4  1  0  0  0  8/20   17:16   2:49   2:17 
Shayne Gostisbehere      0  0  0   0  2   0  2  2  0  0  0/0    20:46   2:29   4:57 

Players Stats for CHICAGO

Player Name              G  A  P  +/- PIM S  H  SB GA TA FO     MP     PP MP  PK MP  
------------------------------------------------------------------------------------
Adam Gaudette            0  0  0   0  2   2  3  0  0  0  1/3     5:31   0:00   0:00 
Andreas Athanasiou       0  1  1   0  0   3  0  0  0  0  2/4    21:41   6:05   1:38 
Brandon Sutter           0  0  0   0  0   1  0  0  0  0  9/15   14:27   0:00   0:00 
Cody Eakin               0  0  0   1  0   1  0  0  0  0  2/2    15:40   3:38   0:00 
Dominik Kahun            0  0  0   0  2   0  0  0  0  0  0/0    14:26   0:00   0:00 
Erik Haula               0  0  0   0  0   3  1  0  0  0  0/0    14:27   0:00   0:00 
Frans Nielsen            1  1  2   1  0   2  0  0  0  0  10/16  15:40   3:38   0:00 
Gustav Nyquist           0  0  0   0  0   3  1  1  0  0  3/6    22:27   6:05   2:24 
Haydn Fleury             0  0  0   0  0   2  0  0  0  0  0/0    15:11   0:00   0:19 
Mark Pysyk               0  1  1   0  0   0  1  2  0  0  0/0    19:37   4:02   2:00 
Michael Del Zotto        0  0  0   1  0   5  1  0  0  0  0/0    24:59   5:41   1:59 
Mikkel Boedker           0  0  0   0  0   0  1  0  0  0  0/0     7:22   0:00   1:50 
Milan Lucic              1  0  1   1  2   2  2  0  0  0  1/3    16:01   3:38   0:22 
Sven Baertschi           0  0  0   0  0   0  0  0  0  0  0/0     5:32   0:00   0:00 
Travis Dermott           1  1  2   0  0   5  1  0  0  0  0/0    19:37   4:02   2:00 
Tucker Poolman           0  0  0   0  0   0  1  1  0  0  0/0    15:05   0:00   0:00 
Tyler Bozak              0  1  1   0  0   1  0  1  0  0  25/34  22:25   6:05   2:22 
Tyson Barrie             0  1  1   1  0   4  0  2  0  0  0/0    25:31   5:41   2:18 

3 Stars

1 - Frans Nielsen (CHI)
2 - Travis Dermott (CHI)
3 - Alex Galchenyuk (FLA)

Power Play

FLORIDA - 1 on 3 Attempt(s) - 33.33%
CHICAGO - 1 on 5 Attempt(s) - 20.00%

Penalty Kill

FLORIDA - 4 on 5 Attempt(s) - 80.00% - Score 0 goal in Penalty Kill
CHICAGO - 2 on 3 Attempt(s) - 66.67% - Score 0 goal in Penalty Kill

Team Stat

FLORIDA - Hits : 18 - Faceoff Wins : 30 - Blocked Shots : 14 - Penalty Minutes : 10
CHICAGO - Hits : 12 - Faceoff Wins : 53 - Blocked Shots : 7 - Penalty Minutes : 6

Official

Referees : Wes McCauley and Conor O'Donnell
Linesman : Matt Brady and Chris Boddy

Game Notes

No Game Note

Finance

Level 1 -- Attendance: 4310 (71.83%) -- Ticket Income $431,000
Level 2 -- Attendance: 3327 (66.54%) -- Ticket Income $216,255
Level 3 -- Attendance: 800 (40.00%) -- Ticket Income $60,000
Level 4 -- Attendance: 1600 (40.00%) -- Ticket Income $80,000
Luxury Box -- Attendance: 587 (58.70%) -- Ticket Income $146,750
Game was played at the United Center.
Total Attendance: 10624 (59.02%)
Total Ticket Income: $934,005
Total Income: $934,005

FLORIDA

5 vs 5 Forward 
   Center                   Left Wing                Right Wing               Time % Phy DF OF 
 1 Pavel Zacha              Patrick Marleau          Martin Necas             30     1   2  2  
 2 Ryan Donato              Alex Galchenyuk          Brett Ritchie            28     1   2  2  
 3 Jesperi Kotkaniemi       Micheal Ferland          Denis Malgin             23     1   2  2  
 4 Drake Batherson          Markus Granlund          Joakim Nordstrom         19     1   2  2  

5 vs 5 Defense 
   Defense                  Defense                                           Time % Phy DF OF 
 1 Dante Fabbro             Shayne Gostisbehere                               35     1   2  2  
 2 Justin Schultz           Mike Green                                        30     1   2  2  
 3 Radim Simek              Ilya Lyubushkin                                   25     1   2  2  
 4 Dante Fabbro             Ilya Lyubushkin                                   10     1   2  2  

PowerPlay Forward 
   Center                   Left Wing                Right Wing               Time % Phy DF OF 
 1 Ryan Donato              Patrick Marleau          Martin Necas             60     1   2  2  
 2 Pavel Zacha              Ryan Donato              Alex Galchenyuk          40     1   2  2  

PowerPlay Defense
   Defense                  Defense                                           Time % Phy DF OF 
 1 Dante Fabbro             Mike Green                                        60     1   2  2  
 2 Shayne Gostisbehere      Radim Simek                                       40     1   2  2  

Penalty Kill 4 Players Forward 
   Center                   Wing                     Time % Phy DF OF 
 1 Pavel Zacha              Martin Necas             60     2   2  1  
 2 Ryan Donato              Patrick Marleau          40     2   2  1  

Penalty Kill 4 Players Defense
   Defense                  Defense                  Time % Phy DF OF 
 1 Dante Fabbro             Shayne Gostisbehere      60     2   2  1  
 2 Justin Schultz           Radim Simek              40     2   2  1  

Penalty Kill - 3 Players Forward 
   Forward                                           Time % Phy DF OF 
 1 Pavel Zacha                                       60     2   2  1  
 2 Martin Necas                                      40     2   2  1  

Penalty Kill - 3 Players Defense
   Defense                  Defense                  Time % Phy DF OF 
 1 Dante Fabbro             Shayne Gostisbehere      60     2   2  1  
 2 Justin Schultz           Radim Simek              40     2   2  1  

4 vs 4 Forward 
   Center                   Wing                     Time % Phy DF OF 
 1 Pavel Zacha              Martin Necas             60     1   2  2  
 2 Ryan Donato              Patrick Marleau          40     1   2  2  

4 vs 4 Defense
   Defense                  Defense                  Time % Phy DF OF 
 1 Dante Fabbro             Mike Green               60     1   2  2  
 2 Shayne Gostisbehere      Radim Simek              40     1   2  2  

Last Minutes Offensive
   Center                   Left Wing                Right Wing               Defense                  Defense                  
   Pavel Zacha              Ryan Donato              Martin Necas             Dante Fabbro             Shayne Gostisbehere      

Last Minutes Defensive
   Center                   Left Wing                Right Wing               Defense                  Defense                  
   Pavel Zacha              Patrick Marleau          Martin Necas             Dante Fabbro             Shayne Gostisbehere      

Goaltenders
Starting : Jimmy Howard             
Backup : Ben Bishop               

Extra Forwards
Normal : Ryan Donato, Drake Batherson, Martin Necas - PP : Drake Batherson, Ryan Donato - PK : Drake Batherson
Extra Defensemen
Normal : Justin Schultz, Radim Simek, Mike Green - PP : Justin Schultz - PK : Justin Schultz, Mike Green
Penalty Shots
Drake Batherson, Martin Necas, Ryan Donato, Patrick Marleau, Alex Galchenyuk

Scratches
FLA Cap Hit (Suspend), Dillon Dube (Healthy), Tobias Bjornfot (Healthy)

CHICAGO

5 vs 5 Forward 
   Center                   Left Wing                Right Wing               Time % Phy DF OF 
 1 Tyler Bozak              Andreas Athanasiou       Gustav Nyquist           35     1   2  2  
 2 Frans Nielsen            Cody Eakin               Milan Lucic              30     1   2  2  
 3 Brandon Sutter           Erik Haula               Dominik Kahun            25     1   2  2  
 4 Adam Gaudette            Mikkel Boedker           Sven Baertschi           10     1   2  2  

5 vs 5 Defense 
   Defense                  Defense                                           Time % Phy DF OF 
 1 Tyson Barrie             Michael Del Zotto                                 35     1   2  2  
 2 Mark Pysyk               Travis Dermott                                    30     1   2  2  
 3 Tucker Poolman           Haydn Fleury                                      25     1   2  2  
 4 Tyson Barrie             Michael Del Zotto                                 10     1   2  2  

PowerPlay Forward 
   Center                   Left Wing                Right Wing               Time % Phy DF OF 
 1 Tyler Bozak              Andreas Athanasiou       Gustav Nyquist           60     1   2  2  
 2 Frans Nielsen            Cody Eakin               Milan Lucic              40     1   2  2  

PowerPlay Defense
   Defense                  Defense                                           Time % Phy DF OF 
 1 Tyson Barrie             Michael Del Zotto                                 60     1   2  2  
 2 Mark Pysyk               Travis Dermott                                    40     1   2  2  

Penalty Kill 4 Players Forward 
   Center                   Wing                     Time % Phy DF OF 
 1 Gustav Nyquist           Tyler Bozak              60     1   2  2  
 2 Andreas Athanasiou       Milan Lucic              40     1   2  2  

Penalty Kill 4 Players Defense
   Defense                  Defense                  Time % Phy DF OF 
 1 Tyson Barrie             Michael Del Zotto        60     1   2  2  
 2 Mark Pysyk               Travis Dermott           40     1   2  2  

Penalty Kill - 3 Players Forward 
   Forward                                           Time % Phy DF OF 
 1 Gustav Nyquist                                    60     1   2  2  
 2 Tyler Bozak                                       40     1   2  2  

Penalty Kill - 3 Players Defense
   Defense                  Defense                  Time % Phy DF OF 
 1 Tyson Barrie             Michael Del Zotto        60     1   2  2  
 2 Mark Pysyk               Travis Dermott           40     1   2  2  

4 vs 4 Forward 
   Center                   Wing                     Time % Phy DF OF 
 1 Gustav Nyquist           Tyler Bozak              60     1   2  2  
 2 Andreas Athanasiou       Milan Lucic              40     1   2  2  

4 vs 4 Defense
   Defense                  Defense                  Time % Phy DF OF 
 1 Tyson Barrie             Michael Del Zotto        60     1   2  2  
 2 Mark Pysyk               Travis Dermott           40     1   2  2  

Last Minutes Offensive
   Center                   Left Wing                Right Wing               Defense                  Defense                  
   Tyler Bozak              Andreas Athanasiou       Gustav Nyquist           Tyson Barrie             Michael Del Zotto        

Last Minutes Defensive
   Center                   Left Wing                Right Wing               Defense                  Defense                  
   Tyler Bozak              Andreas Athanasiou       Gustav Nyquist           Tyson Barrie             Michael Del Zotto        

Goaltenders
Starting : James Reimer             
Backup : Cory Schneider           

Extra Forwards
Normal : Brandon Sutter, Erik Haula, Mikkel Boedker - PP : Brandon Sutter, Erik Haula - PK : Mikkel Boedker
Extra Defensemen
Normal : Tucker Poolman, Haydn Fleury, Mark Pysyk - PP : Tucker Poolman - PK : Haydn Fleury, Mark Pysyk
Penalty Shots
Gustav Nyquist, Tyler Bozak, Andreas Athanasiou, Milan Lucic, Frans Nielsen

Scratches
Brendan Perlini (Healthy), CHI Cap Hit (Suspend), Nikita Nesterov (Healthy)

% Time on Ice - FLORIDA

Lines # - Real PCT - Wanted PCT - Time Play
Normal Forward
1 - 28% - 30% - 12:53
2 - 25% - 28% - 11:34
3 - 25% - 23% - 11:33
4 - 21% - 19% - 9:23
Normal Defense
1 - 28% - 35% - 12:45
2 - 35% - 30% - 16:03
3 - 30% - 25% - 13:28
4 - 7% - 10% - 3:07
PP Forward
1 - 56% - 60% - 2:25
2 - 44% - 40% - 1:53
PP Defense
1 - 42% - 60% - 1:49
2 - 58% - 40% - 2:29
PK Forward
1 - 77% - 60% - 7:26
2 - 23% - 40% - 2:17
PK Defense
1 - 67% - 60% - 6:31
2 - 33% - 40% - 3:12
PK3 Forward
1 - 0% - 60%
2 - 0% - 40%
PK3 Defense
1 - 0% - 60%
2 - 0% - 40%
44 Forward
1 - 0% - 60%
2 - 0% - 40%
44 Defense
1 - 0% - 60%
2 - 0% - 40%
Last Minute Offensive  - 0:36
Last Minute Defensive  - 0:00
Total
Forward - 60:00
Defense - 60:00

% Time on Ice - CHICAGO

Lines # - Real PCT - Wanted PCT - Time Play
Normal Forward
1 - 29% - 35% - 13:22
2 - 27% - 30% - 12:02
3 - 32% - 25% - 14:27
4 - 12% - 10% - 5:32
Normal Defense
1 - 34% - 35% - 15:13
2 - 30% - 30% - 13:35
3 - 33% - 25% - 14:52
4 - 4% - 10% - 1:43
PP Forward
1 - 63% - 60% - 6:05
2 - 37% - 40% - 3:38
PP Defense
1 - 58% - 60% - 5:41
2 - 42% - 40% - 4:02
PK Forward
1 - 69% - 60% - 2:59
2 - 31% - 40% - 1:19
PK Defense
1 - 53% - 60% - 2:18
2 - 47% - 40% - 2:00
PK3 Forward
1 - 0% - 60%
2 - 0% - 40%
PK3 Defense
1 - 0% - 60%
2 - 0% - 40%
44 Forward
1 - 0% - 60%
2 - 0% - 40%
44 Defense
1 - 0% - 60%
2 - 0% - 40%
Last Minute Offensive  - 0:00
Last Minute Defensive  - 0:36
Total
Forward - 60:00
Defense - 60:00

Play-by-Play

1st period


0:01 of 1st period - Tyler Bozak wins face-off versus Patrick Marleau in neutral zone.
0:18 of 1st period - Shot by Martin Necas.
0:18 of 1st period - Stopped by James Reimer without a rebound.
0:19 of 1st period - Cody Eakin wins face-off versus Ryan Donato in CHICAGO zone.
0:26 of 1st period - Alex Galchenyuk is hit by Milan Lucic.
0:43 of 1st period - Minor Penalty to Milan Lucic for Holding.
0:44 of 1st period - Ryan Donato wins face-off versus Gustav Nyquist in CHICAGO zone.
2:05 of 1st period - Shot by Mike Green.
2:05 of 1st period - Shot Blocked by Mark Pysyk.
2:50 of 1st period - Shot by Radim Simek.
2:50 of 1st period - Shot Misses the Net.
3:00 of 1st period - Shot by Micheal Ferland.
3:00 of 1st period - Stopped by James Reimer without a rebound.
3:01 of 1st period - Brandon Sutter wins face-off versus Drake Batherson in CHICAGO zone.
3:01 of 1st period - Brandon Sutter is hit by Joakim Nordstrom.
3:11 of 1st period - Shot by Dominik Kahun.
3:11 of 1st period - Shot Misses the Net.
3:13 of 1st period - Shot by Brandon Sutter.
3:13 of 1st period - Shot Blocked by Dante Fabbro.
3:15 of 1st period - Shot by Haydn Fleury.
3:15 of 1st period - Shot Misses the Net.
3:17 of 1st period - Shot by Erik Haula.
3:17 of 1st period - Stopped by Jimmy Howard without a rebound.
3:18 of 1st period - Frans Nielsen wins face-off versus Pavel Zacha in FLORIDA zone.
3:39 of 1st period - Icing by Frans Nielsen.
3:40 of 1st period - Jesperi Kotkaniemi wins face-off versus Frans Nielsen in CHICAGO zone.
3:57 of 1st period - Shot by Milan Lucic.
3:57 of 1st period - Goal by Milan Lucic - FLORIDA : 0 - CHICAGO : 1.
3:58 of 1st period - Tyler Bozak wins face-off versus Ryan Donato in neutral zone.
5:26 of 1st period - Shot by Dominik Kahun.
5:26 of 1st period - Shot Misses the Net.
6:02 of 1st period - Shot by Sven Baertschi.
6:02 of 1st period - Shot Misses the Net.
6:31 of 1st period - Icing by Radim Simek.
6:32 of 1st period - Tyler Bozak wins face-off versus Drake Batherson in FLORIDA zone.
6:46 of 1st period - Off-side.
6:47 of 1st period - Jesperi Kotkaniemi wins face-off versus Brandon Sutter in neutral zone.
6:53 of 1st period - Off-side.
6:54 of 1st period - Tyler Bozak wins face-off versus Jesperi Kotkaniemi in neutral zone.
7:39 of 1st period - Icing by Tyson Barrie.
7:40 of 1st period - Ryan Donato wins face-off versus Tyler Bozak in CHICAGO zone.
7:50 of 1st period - Icing by Ilya Lyubushkin.
7:51 of 1st period - Ryan Donato wins face-off versus Brandon Sutter in FLORIDA zone.
8:12 of 1st period - Shot by Ryan Donato.
8:12 of 1st period - Stopped by James Reimer without a rebound.
8:13 of 1st period - Frans Nielsen wins face-off versus Drake Batherson in CHICAGO zone.
8:13 of 1st period - Frans Nielsen is hit by Drake Batherson.
8:22 of 1st period - Drake Batherson is hit by Tucker Poolman.
9:14 of 1st period - Cody Eakin is hit by Shayne Gostisbehere and loses puck.
9:45 of 1st period - Shot by Tyler Bozak.
9:45 of 1st period - Shot Misses the Net.
9:48 of 1st period - Minor Penalty to Shayne Gostisbehere for Holding.
9:49 of 1st period - Andreas Athanasiou wins face-off versus Pavel Zacha in FLORIDA zone.
10:04 of 1st period - Shot by Gustav Nyquist.
10:04 of 1st period - Stopped by Jimmy Howard without a rebound.
10:05 of 1st period - Gustav Nyquist wins face-off versus Pavel Zacha in FLORIDA zone.
10:06 of 1st period - Shot by Michael Del Zotto.
10:06 of 1st period - Stopped by Jimmy Howard with a rebound.
10:08 of 1st period - Shot by Michael Del Zotto.
10:08 of 1st period - Stopped by Jimmy Howard without a rebound.
10:09 of 1st period - Tyler Bozak wins face-off versus Martin Necas in FLORIDA zone.
10:27 of 1st period - Icing by Tyson Barrie.
10:28 of 1st period - Tyler Bozak wins face-off versus Pavel Zacha in CHICAGO zone.
11:41 of 1st period - Shot by Tyson Barrie.
11:41 of 1st period - Shot Blocked by Dante Fabbro.
11:43 of 1st period - Shot by Michael Del Zotto.
11:43 of 1st period - Stopped by Jimmy Howard with a rebound.
11:45 of 1st period - Shot by Gustav Nyquist.
11:45 of 1st period - Shot Misses the Net.
12:16 of 1st period - Erik Haula is hit by Ilya Lyubushkin and loses puck.
12:44 of 1st period - Mike Green is hit by Adam Gaudette and loses puck.
13:42 of 1st period - Shot by Drake Batherson.
13:42 of 1st period - Deflect By Joakim Nordstrom.
13:42 of 1st period - Shot Misses the Net.
13:44 of 1st period - Shot by Markus Granlund.
13:44 of 1st period - Shot Misses the Net.
13:46 of 1st period - Shot by Shayne Gostisbehere.
13:46 of 1st period - Shot Misses the Net.
13:48 of 1st period - Shot by Dante Fabbro.
13:48 of 1st period - Stopped by James Reimer without a rebound.
13:49 of 1st period - Tyler Bozak wins face-off versus Pavel Zacha in CHICAGO zone.
14:12 of 1st period - Shot by Andreas Athanasiou.
14:12 of 1st period - Shot Blocked by Radim Simek.
14:14 of 1st period - Shot by Travis Dermott.
14:14 of 1st period - Goal by Travis Dermott - FLORIDA : 0 - CHICAGO : 2.
14:15 of 1st period - Milan Lucic wins face-off versus Jesperi Kotkaniemi in neutral zone.
14:25 of 1st period - Cody Eakin is hit by Mike Green and loses puck.
14:36 of 1st period - Shot by Micheal Ferland.
14:36 of 1st period - Stopped by James Reimer with a rebound.
14:38 of 1st period - Shot by Denis Malgin.
14:38 of 1st period - Stopped by James Reimer without a rebound.
14:39 of 1st period - Ryan Donato wins face-off versus Andreas Athanasiou in CHICAGO zone.
14:47 of 1st period - Gustav Nyquist is hit by Brett Ritchie and loses puck.
14:57 of 1st period - Andreas Athanasiou is hit by Dante Fabbro and loses puck.
15:28 of 1st period - Andreas Athanasiou is hit by Martin Necas and loses puck.
15:42 of 1st period - Shot by Martin Necas.
15:42 of 1st period - Stopped by James Reimer without a rebound.
15:43 of 1st period - Jesperi Kotkaniemi wins face-off versus Brandon Sutter in CHICAGO zone.
16:06 of 1st period - Shot by Denis Malgin.
16:06 of 1st period - Stopped by James Reimer without a rebound.
16:07 of 1st period - Frans Nielsen wins face-off versus Pavel Zacha in CHICAGO zone.
16:17 of 1st period - Off-side.
16:18 of 1st period - Adam Gaudette wins face-off versus Drake Batherson in neutral zone.
17:15 of 1st period - Shot by Travis Dermott.
17:15 of 1st period - Shot Misses the Net.
17:37 of 1st period - Icing by Pavel Zacha.
17:38 of 1st period - Tyler Bozak wins face-off versus Pavel Zacha in FLORIDA zone.
17:38 of 1st period - Tucker Poolman is hit by Shayne Gostisbehere and loses puck.
17:46 of 1st period - Off-side.
17:47 of 1st period - Brandon Sutter wins face-off versus Ryan Donato in neutral zone.
18:20 of 1st period - Shot by Brett Ritchie.
18:20 of 1st period - Shot Misses the Net.
19:41 of 1st period - Frans Nielsen is hit by Dante Fabbro and loses puck.
Goals for this period are 0 for FLORIDA vs 2 for CHICAGO.
Shots for this period are 8 for FLORIDA vs 7 for CHICAGO.

2nd period


0:01 of 2nd period - Tyler Bozak wins face-off versus Jesperi Kotkaniemi in neutral zone.
0:16 of 2nd period - Shot by Tyson Barrie.
0:16 of 2nd period - Stopped by Jimmy Howard without a rebound.
0:17 of 2nd period - Brandon Sutter wins face-off versus Pavel Zacha in FLORIDA zone.
0:23 of 2nd period - Icing by Justin Schultz.
0:24 of 2nd period - Frans Nielsen wins face-off versus Pavel Zacha in FLORIDA zone.
0:24 of 2nd period - Frans Nielsen is hit by Mike Green.
0:28 of 2nd period - Shot by Cody Eakin.
0:28 of 2nd period - Shot Misses the Net.
0:56 of 2nd period - Shot by Milan Lucic.
0:56 of 2nd period - Deflect By Cody Eakin.
0:56 of 2nd period - Shot Misses the Net.
0:58 of 2nd period - Shot by Tyson Barrie.
0:58 of 2nd period - Shot Misses the Net.
1:00 of 2nd period - Shot by Cody Eakin.
1:00 of 2nd period - Shot Blocked by Mike Green.
1:02 of 2nd period - Shot by Michael Del Zotto.
1:02 of 2nd period - Stopped by Jimmy Howard without a rebound.
1:03 of 2nd period - Jesperi Kotkaniemi wins face-off versus Brandon Sutter in FLORIDA zone.
1:03 of 2nd period - Jesperi Kotkaniemi is hit by Erik Haula.
2:02 of 2nd period - Travis Dermott is hit by Brett Ritchie.
2:05 of 2nd period - Icing by Justin Schultz.
2:06 of 2nd period - Ryan Donato wins face-off versus Tyler Bozak in FLORIDA zone.
2:16 of 2nd period - Alex Galchenyuk is hit by Gustav Nyquist and loses puck.
2:21 of 2nd period - Shot by Tyson Barrie.
2:21 of 2nd period - Shot Blocked by Justin Schultz.
2:23 of 2nd period - Shot by Gustav Nyquist.
2:23 of 2nd period - Shot Misses the Net.
2:25 of 2nd period - Shot by Tyson Barrie.
2:25 of 2nd period - Stopped by Jimmy Howard without a rebound.
2:26 of 2nd period - Pavel Zacha wins face-off versus Frans Nielsen in FLORIDA zone.
2:48 of 2nd period - Icing by Milan Lucic.
2:49 of 2nd period - Cody Eakin wins face-off versus Drake Batherson in CHICAGO zone.
2:49 of 2nd period - Cody Eakin is hit by Drake Batherson.
4:04 of 2nd period - Shot by Martin Necas.
4:04 of 2nd period - Shot Misses the Net.
4:08 of 2nd period - Shot by Pavel Zacha.
4:08 of 2nd period - Stopped by James Reimer without a rebound.
4:09 of 2nd period - Brandon Sutter wins face-off versus Denis Malgin in CHICAGO zone.
4:19 of 2nd period - Minor Penalty to Dominik Kahun for Roughing.
4:20 of 2nd period - Alex Galchenyuk wins face-off versus Gustav Nyquist in CHICAGO zone.
4:39 of 2nd period - Shot by Alex Galchenyuk.
4:39 of 2nd period - Goal by Alex Galchenyuk - FLORIDA : 1 - CHICAGO : 2.
4:40 of 2nd period - Frans Nielsen wins face-off versus Jesperi Kotkaniemi in neutral zone.
4:55 of 2nd period - Shot by Jesperi Kotkaniemi.
4:55 of 2nd period - Stopped by James Reimer without a rebound.
4:56 of 2nd period - Brandon Sutter wins face-off versus Ryan Donato in CHICAGO zone.
4:56 of 2nd period - Brandon Sutter is hit by Brett Ritchie.
5:15 of 2nd period - Minor Penalty to Dante Fabbro for Roughing.
5:16 of 2nd period - Tyler Bozak wins face-off versus Martin Necas in FLORIDA zone.
5:23 of 2nd period - Shot by Andreas Athanasiou.
5:23 of 2nd period - Stopped by Jimmy Howard without a rebound.
5:24 of 2nd period - Tyler Bozak wins face-off versus Martin Necas in FLORIDA zone.
5:31 of 2nd period - Shot by Andreas Athanasiou.
5:31 of 2nd period - Stopped by Jimmy Howard without a rebound.
5:32 of 2nd period - Pavel Zacha wins face-off versus Tyler Bozak in FLORIDA zone.
5:40 of 2nd period - Icing by Tyson Barrie.
5:41 of 2nd period - Tyler Bozak wins face-off versus Pavel Zacha in CHICAGO zone.
5:56 of 2nd period - Shot by Gustav Nyquist.
5:56 of 2nd period - Shot Blocked by Shayne Gostisbehere.
7:02 of 2nd period - Shot by Frans Nielsen.
7:02 of 2nd period - Goal by Frans Nielsen - FLORIDA : 1 - CHICAGO : 3.
7:03 of 2nd period - Jesperi Kotkaniemi wins face-off versus Brandon Sutter in neutral zone.
7:06 of 2nd period - Shot by Micheal Ferland.
7:06 of 2nd period - Stopped by James Reimer without a rebound.
7:07 of 2nd period - Jesperi Kotkaniemi wins face-off versus Brandon Sutter in CHICAGO zone.
7:07 of 2nd period - Denis Malgin is hit by Mark Pysyk and loses puck.
7:12 of 2nd period - Shot by Jesperi Kotkaniemi.
7:12 of 2nd period - Shot Misses the Net.
7:19 of 2nd period - Micheal Ferland is hit by Travis Dermott and loses puck.
7:28 of 2nd period - Shot by Micheal Ferland.
7:28 of 2nd period - Shot Hit the Post.
7:30 of 2nd period - Shot by Dante Fabbro.
7:30 of 2nd period - Stopped by James Reimer with a rebound.
7:32 of 2nd period - Shot by Micheal Ferland.
7:32 of 2nd period - Deflect By Jesperi Kotkaniemi.
7:32 of 2nd period - Shot Blocked by Mark Pysyk.
7:34 of 2nd period - Shot by Micheal Ferland.
7:34 of 2nd period - Stopped by James Reimer without a rebound.
7:35 of 2nd period - Frans Nielsen wins face-off versus Alex Galchenyuk in CHICAGO zone.
7:46 of 2nd period - Shot by Cody Eakin.
7:46 of 2nd period - Shot Misses the Net.
7:48 of 2nd period - Shot by Haydn Fleury.
7:48 of 2nd period - Stopped by Jimmy Howard without a rebound.
7:49 of 2nd period - Pavel Zacha wins face-off versus Adam Gaudette in FLORIDA zone.
7:49 of 2nd period - Pavel Zacha is hit by Mikkel Boedker.
7:56 of 2nd period - Off-side.
7:57 of 2nd period - Tyler Bozak wins face-off versus Ryan Donato in neutral zone.
8:22 of 2nd period - Shot by Alex Galchenyuk.
8:22 of 2nd period - Shot Blocked by Tyler Bozak.
8:32 of 2nd period - Shot by Ryan Donato.
8:32 of 2nd period - Deflect By Alex Galchenyuk.
8:32 of 2nd period - Shot Blocked by Gustav Nyquist.
8:34 of 2nd period - Shot by Ilya Lyubushkin.
8:34 of 2nd period - Shot Blocked by Tyson Barrie.
8:51 of 2nd period - Icing by Tyson Barrie.
8:52 of 2nd period - Tyler Bozak wins face-off versus Drake Batherson in CHICAGO zone.
9:36 of 2nd period - Shot by Frans Nielsen.
9:36 of 2nd period - Shot Blocked by Mike Green.
11:17 of 2nd period - Micheal Ferland is hit by Adam Gaudette and loses puck.
11:59 of 2nd period - Shot by Ryan Donato.
11:59 of 2nd period - Goal by Ryan Donato - FLORIDA : 2 - CHICAGO : 3.
12:00 of 2nd period - Drake Batherson wins face-off versus Frans Nielsen in neutral zone.
12:03 of 2nd period - Milan Lucic is hit by Markus Granlund and loses puck.
12:20 of 2nd period - Shot by Drake Batherson.
12:20 of 2nd period - Shot Misses the Net.
12:51 of 2nd period - Shot by Erik Haula.
12:51 of 2nd period - Deflect By Brandon Sutter.
12:51 of 2nd period - Shot Misses the Net.
12:58 of 2nd period - Off-side.
12:59 of 2nd period - Tyler Bozak wins face-off versus Ryan Donato in neutral zone.
13:11 of 2nd period - Icing by Brett Ritchie.
13:12 of 2nd period - Brandon Sutter wins face-off versus Brett Ritchie in FLORIDA zone.
13:27 of 2nd period - Shot by Erik Haula.
13:27 of 2nd period - Shot Misses the Net.
13:33 of 2nd period - Shot by Erik Haula.
13:33 of 2nd period - Shot Misses the Net.
13:35 of 2nd period - Shot by Tyson Barrie.
13:35 of 2nd period - Shot Blocked by Shayne Gostisbehere.
13:37 of 2nd period - Shot by Tyson Barrie.
13:37 of 2nd period - Stopped by Jimmy Howard with a rebound.
15:26 of 2nd period - Jesperi Kotkaniemi is hit by Milan Lucic and loses puck.
15:33 of 2nd period - Shot by Cody Eakin.
15:33 of 2nd period - Shot Misses the Net.
15:35 of 2nd period - Shot by Haydn Fleury.
15:35 of 2nd period - Stopped by Jimmy Howard with a rebound.
15:39 of 2nd period - Shot by Frans Nielsen.
15:39 of 2nd period - Stopped by Jimmy Howard with a rebound.
15:41 of 2nd period - Shot by Frans Nielsen.
15:41 of 2nd period - Shot Blocked by Justin Schultz.
16:06 of 2nd period - Minor Penalty to Adam Gaudette for Tripping.
16:07 of 2nd period - Pavel Zacha wins face-off versus Gustav Nyquist in CHICAGO zone.
16:25 of 2nd period - Shot by Radim Simek.
16:25 of 2nd period - Shot Blocked by Tyson Barrie.
16:27 of 2nd period - Shot by Radim Simek.
16:27 of 2nd period - Stopped by James Reimer without a rebound.
16:28 of 2nd period - Gustav Nyquist wins face-off versus Ryan Donato in CHICAGO zone.
17:21 of 2nd period - Icing by Patrick Marleau.
17:22 of 2nd period - Gustav Nyquist wins face-off versus Ryan Donato in FLORIDA zone.
18:07 of 2nd period - Shot by Joakim Nordstrom.
18:07 of 2nd period - Shot Misses the Net.
18:19 of 2nd period - Shot by Erik Haula.
18:19 of 2nd period - Stopped by Jimmy Howard without a rebound.
18:20 of 2nd period - Jesperi Kotkaniemi wins face-off versus Frans Nielsen in FLORIDA zone.
18:33 of 2nd period - Shot by Micheal Ferland.
18:33 of 2nd period - Stopped by James Reimer without a rebound.
18:34 of 2nd period - Brandon Sutter wins face-off versus Drake Batherson in CHICAGO zone.
19:31 of 2nd period - Shot by Denis Malgin.
19:31 of 2nd period - Shot Misses the Net.
19:34 of 2nd period - Icing by Tyler Bozak.
19:35 of 2nd period - Tyler Bozak wins face-off versus Pavel Zacha in CHICAGO zone.
19:35 of 2nd period - Tyler Bozak is hit by Ilya Lyubushkin.
19:42 of 2nd period - Minor Penalty to Ilya Lyubushkin for Tripping.
19:43 of 2nd period - Tyler Bozak wins face-off versus Pavel Zacha in FLORIDA zone.
19:46 of 2nd period - Shot by Tyler Bozak.
19:46 of 2nd period - Shot Misses the Net.
Goals for this period are 2 for FLORIDA vs 1 for CHICAGO.
Shots for this period are 9 for FLORIDA vs 11 for CHICAGO.

3rd period


0:01 of 3rd period - Tyler Bozak wins face-off versus Pavel Zacha in neutral zone.
0:36 of 3rd period - Shot by Tyson Barrie.
0:36 of 3rd period - Stopped by Jimmy Howard without a rebound.
0:37 of 3rd period - Frans Nielsen wins face-off versus Pavel Zacha in FLORIDA zone.
0:38 of 3rd period - Shot by Travis Dermott.
0:38 of 3rd period - Shot Blocked by Justin Schultz.
0:42 of 3rd period - Shot by Milan Lucic.
0:42 of 3rd period - Stopped by Jimmy Howard without a rebound.
0:43 of 3rd period - Pavel Zacha wins face-off versus Milan Lucic in FLORIDA zone.
2:02 of 3rd period - Shot by Brandon Sutter.
2:02 of 3rd period - Stopped by Jimmy Howard with a rebound.
2:12 of 3rd period - Shot by Denis Malgin.
2:12 of 3rd period - Stopped by James Reimer with a rebound.
2:14 of 3rd period - Shot by Dante Fabbro.
2:14 of 3rd period - Stopped by James Reimer with a rebound.
2:16 of 3rd period - Shot by Denis Malgin.
2:16 of 3rd period - Stopped by James Reimer without a rebound.
2:17 of 3rd period - Tyler Bozak wins face-off versus Ryan Donato in CHICAGO zone.
2:54 of 3rd period - Shot by Michael Del Zotto.
2:54 of 3rd period - Shot Misses the Net.
3:22 of 3rd period - Mikkel Boedker is hit by Ilya Lyubushkin and loses puck.
3:36 of 3rd period - Shot by Tucker Poolman.
3:36 of 3rd period - Shot Misses the Net.
4:19 of 3rd period - Shot by Milan Lucic.
4:19 of 3rd period - Shot Misses the Net.
4:33 of 3rd period - Shot by Frans Nielsen.
4:33 of 3rd period - Shot Misses the Net.
5:11 of 3rd period - Shot by Erik Haula.
5:11 of 3rd period - Stopped by Jimmy Howard without a rebound.
5:12 of 3rd period - Patrick Marleau wins face-off versus Tyler Bozak in FLORIDA zone.
5:18 of 3rd period - Off-side.
5:19 of 3rd period - Pavel Zacha wins face-off versus Tyler Bozak in neutral zone.
5:46 of 3rd period - Shot by Tyler Bozak.
5:46 of 3rd period - Stopped by Jimmy Howard without a rebound.
5:47 of 3rd period - Alex Galchenyuk wins face-off versus Frans Nielsen in FLORIDA zone.
5:58 of 3rd period - Shot by Ryan Donato.
5:58 of 3rd period - Stopped by James Reimer without a rebound.
5:59 of 3rd period - Brandon Sutter wins face-off versus Jesperi Kotkaniemi in CHICAGO zone.
6:23 of 3rd period - Minor Penalty to Mike Green for Holding.
6:24 of 3rd period - Tyler Bozak wins face-off versus Pavel Zacha in FLORIDA zone.
6:31 of 3rd period - Shot by Gustav Nyquist.
6:31 of 3rd period - Stopped by Jimmy Howard without a rebound.
6:32 of 3rd period - Andreas Athanasiou wins face-off versus Pavel Zacha in FLORIDA zone.
6:35 of 3rd period - Shot by Tyler Bozak.
6:35 of 3rd period - Shot Misses the Net.
6:49 of 3rd period - Shot by Gustav Nyquist.
6:49 of 3rd period - Shot Hit the Post.
6:51 of 3rd period - Shot by Michael Del Zotto.
6:51 of 3rd period - Shot Misses the Net.
6:53 of 3rd period - Shot by Gustav Nyquist.
6:53 of 3rd period - Shot Blocked by Dante Fabbro.
7:21 of 3rd period - Frans Nielsen is hit by Ryan Donato and loses puck.
7:40 of 3rd period - Shot by Cody Eakin.
7:40 of 3rd period - Shot Misses the Net.
7:42 of 3rd period - Shot by Mark Pysyk.
7:42 of 3rd period - Shot Blocked by Pavel Zacha.
7:44 of 3rd period - Shot by Mark Pysyk.
7:44 of 3rd period - Shot Misses the Net.
7:48 of 3rd period - Shot by Travis Dermott.
7:48 of 3rd period - Stopped by Jimmy Howard without a rebound.
7:49 of 3rd period - Tyler Bozak wins face-off versus Pavel Zacha in FLORIDA zone.
8:12 of 3rd period - Icing by Gustav Nyquist.
8:13 of 3rd period - Pavel Zacha wins face-off versus Andreas Athanasiou in CHICAGO zone.
8:30 of 3rd period - Shot by Dominik Kahun.
8:30 of 3rd period - Shot Misses the Net.
9:01 of 3rd period - Minor Penalty to Ilya Lyubushkin for Roughing.
9:02 of 3rd period - Pavel Zacha wins face-off versus Frans Nielsen in FLORIDA zone.
9:19 of 3rd period - Shot by Travis Dermott.
9:19 of 3rd period - Shot Misses the Net.
9:21 of 3rd period - Shot by Travis Dermott.
9:21 of 3rd period - Shot Misses the Net.
9:23 of 3rd period - Shot by Travis Dermott.
9:23 of 3rd period - Stopped by Jimmy Howard without a rebound.
9:24 of 3rd period - Ryan Donato wins face-off versus Tyler Bozak in FLORIDA zone.
10:15 of 3rd period - Shot by Milan Lucic.
10:15 of 3rd period - Shot Blocked by Dante Fabbro.
10:37 of 3rd period - Shot by Travis Dermott.
10:37 of 3rd period - Shot Misses the Net.
10:39 of 3rd period - Shot by Travis Dermott.
10:39 of 3rd period - Stopped by Jimmy Howard with a rebound.
10:57 of 3rd period - Shot by Gustav Nyquist.
10:57 of 3rd period - Stopped by Jimmy Howard with a rebound.
10:59 of 3rd period - Shot by Gustav Nyquist.
10:59 of 3rd period - Deflect By Andreas Athanasiou.
10:59 of 3rd period - Shot Blocked by Justin Schultz.
11:01 of 3rd period - Shot by Andreas Athanasiou.
11:01 of 3rd period - Shot Misses the Net.
11:21 of 3rd period - Shot by Erik Haula.
11:21 of 3rd period - Shot Misses the Net.
12:10 of 3rd period - Shot by Alex Galchenyuk.
12:10 of 3rd period - Stopped by James Reimer without a rebound.
12:11 of 3rd period - Frans Nielsen wins face-off versus Drake Batherson in CHICAGO zone.
12:20 of 3rd period - Shot by Cody Eakin.
12:20 of 3rd period - Stopped by Jimmy Howard with a rebound.
12:40 of 3rd period - Shot by Drake Batherson.
12:40 of 3rd period - Deflect By Markus Granlund.
12:40 of 3rd period - Stopped by James Reimer without a rebound.
12:41 of 3rd period - Tyler Bozak wins face-off versus Ryan Donato in CHICAGO zone.
12:50 of 3rd period - Icing by Ilya Lyubushkin.
12:51 of 3rd period - Ryan Donato wins face-off versus Adam Gaudette in FLORIDA zone.
13:00 of 3rd period - Shot by Ryan Donato.
13:00 of 3rd period - Stopped by James Reimer without a rebound.
13:01 of 3rd period - Jesperi Kotkaniemi wins face-off versus Tyler Bozak in CHICAGO zone.
13:23 of 3rd period - Shot by Jesperi Kotkaniemi.
13:23 of 3rd period - Stopped by James Reimer without a rebound.
13:24 of 3rd period - Ryan Donato wins face-off versus Milan Lucic in CHICAGO zone.
13:28 of 3rd period - Icing by Tyson Barrie.
13:29 of 3rd period - Frans Nielsen wins face-off versus Pavel Zacha in CHICAGO zone.
13:56 of 3rd period - Martin Necas is hit by Michael Del Zotto and loses puck.
14:26 of 3rd period - Off-side.
14:27 of 3rd period - Tyler Bozak wins face-off versus Jesperi Kotkaniemi in neutral zone.
14:32 of 3rd period - Shot by Tyler Bozak.
14:32 of 3rd period - Shot Misses the Net.
14:36 of 3rd period - Shot by Andreas Athanasiou.
14:36 of 3rd period - Stopped by Jimmy Howard without a rebound.
14:37 of 3rd period - Brandon Sutter wins face-off versus Ryan Donato in FLORIDA zone.
14:48 of 3rd period - Shot by Brandon Sutter.
14:48 of 3rd period - Shot Misses the Net.
15:09 of 3rd period - Shot by Dante Fabbro.
15:09 of 3rd period - Shot Hit the Post.
15:41 of 3rd period - Shot by Patrick Marleau.
15:41 of 3rd period - Shot Blocked by Tucker Poolman.
17:04 of 3rd period - Shot by Markus Granlund.
17:04 of 3rd period - Stopped by James Reimer without a rebound.
17:05 of 3rd period - Frans Nielsen wins face-off versus Ryan Donato in CHICAGO zone.
17:34 of 3rd period - Shot by Alex Galchenyuk.
17:34 of 3rd period - Stopped by James Reimer with a rebound.
18:10 of 3rd period - Shot by Tyson Barrie.
18:10 of 3rd period - Shot Misses the Net.
18:12 of 3rd period - Shot by Adam Gaudette.
18:12 of 3rd period - Stopped by Jimmy Howard with a rebound.
18:14 of 3rd period - Shot by Michael Del Zotto.
18:14 of 3rd period - Stopped by Jimmy Howard without a rebound.
18:15 of 3rd period - Tyler Bozak wins face-off versus Pavel Zacha in FLORIDA zone.
18:39 of 3rd period - Shot by Martin Necas.
18:39 of 3rd period - Stopped by James Reimer with a rebound.
18:41 of 3rd period - Shot by Radim Simek.
18:41 of 3rd period - Shot Misses the Net.
18:43 of 3rd period - Shot by Martin Necas.
18:43 of 3rd period - Shot Misses the Net.
19:01 of 3rd period - Martin Necas is hit by Adam Gaudette.
19:21 of 3rd period - Shot by Adam Gaudette.
19:21 of 3rd period - Stopped by Jimmy Howard with a rebound.
19:23 of 3rd period - Shot by Travis Dermott.
19:23 of 3rd period - Stopped by Jimmy Howard without a rebound.
19:24 of 3rd period - Drake Batherson wins face-off versus Tyler Bozak in FLORIDA zone.
19:29 of 3rd period - FLORIDA, Jimmy Howard is pulled from the net.
19:33 of 3rd period - Shot by Drake Batherson.
19:33 of 3rd period - Stopped by James Reimer without a rebound.
19:34 of 3rd period - Drake Batherson wins face-off versus Tyler Bozak in CHICAGO zone.
19:35 of 3rd period - Shot by Ryan Donato.
19:35 of 3rd period - Deflect By Drake Batherson.
19:35 of 3rd period - Shot Misses the Net.
19:46 of 3rd period - Icing by Ryan Donato.
19:47 of 3rd period - Jimmy Howard from FLORIDA was sent back in the game.
19:47 of 3rd period - Tyler Bozak wins face-off versus Jesperi Kotkaniemi in FLORIDA zone.
19:58 of 3rd period - Shot by Andreas Athanasiou.
19:58 of 3rd period - Shot Misses the Net.
Goals for this period are 0 for FLORIDA vs 0 for CHICAGO.
Shots for this period are 12 for FLORIDA vs 16 for CHICAGO.